 Dungeon Crawl Stone Soup version 0.28.0 (webtiles) character file.

Game seed: 780617910253245030

8355 386 the Fighter (level 11, 0/87 HPs)
             Began as a Demonspawn Fighter on Feb 16, 2022.
             Was a High Priest of Okawaru.
             Slain by Sonja (24 damage)
             ... on level 1 of the Lair of Beasts.
             The game lasted 02:12:39 (13334 turns).

386 the Fighter (Demonspawn Fighter)               Turns: 13334, Time: 02:12:39

Health: 0/87       AC: 15    Str: 27    XL:     11   Next: 8%
Magic:  12/14      EV: 11    Int:  9    God:    Okawaru [*****.]
Gold:   357        SH: 16    Dex: 13    Spells: 14/14 levels left

rFire   . . .      SeeInvis .   N - +4 hand axe (freeze)
rCold   + . .      Faith    +   h - +0 kite shield
rNeg    . . .      Spirit   .   b - +0 scale mail
rPois   .          Reflect  .   (no helmet)
rElec   .          Harm     .   u - +0 cloak
rCorr   .          Rampage  .   (no gloves)
Will    +....                   (no boots)
Stlth   +.........              i - amulet of faith
HPRegen 0.24/turn               x - ring of willpower
MPRegen 0.14/turn               C - +6 ring of strength

@: heroic
A: hooves 2, icy blue scales 3, foul stench 1, condensation shield
a: Renounce Religion, Heroism, Finesse, Duel


You were on level 1 of the Lair of Beasts.
You worshipped Okawaru.
Okawaru was extremely pleased with you.
You visited 3 branches of the dungeon, and saw 12 of its levels.

You collected 357 gold pieces.

Inventory:

Hand Weapons
 a - a +0 war axe
 H - a +3 hand axe
 I - a +0 flail
 N - a +4 hand axe of freezing (weapon)
Missiles
 k - 246 stones
 t - 46 poisoned darts
 A - 2 throwing nets
 D - 5 silver javelins
Armour
 b - a +0 scale mail (worn)
 h - a +0 kite shield (worn)
 u - a +0 cloak (worn)
 M - a +0 pair of gloves
Jewellery
 i - an amulet of faith (around neck)
 x - a ring of willpower (left hand)
 C - a +6 ring of strength (right hand)
 E - a +4 ring of protection
 K - a ring of wizardry
 L - a ring of ice
Wands
 d - a wand of digging (4)
 e - a wand of polymorph (5) (quivered)
 m - a wand of flame (11)
 v - a wand of acid (5)
 w - a wand of paralysis (1)
 B - a wand of mindburst (18)
Scrolls
 f - 8 scrolls of identify
 g - 2 scrolls of enchant weapon
 j - a scroll of fear {unknown}
 l - a scroll of blinking {unknown}
 o - a scroll of torment {unknown}
 p - 2 scrolls of magic mapping
 y - 2 scrolls of teleportation {unknown}
 J - a scroll of vulnerability {unknown}
Potions
 c - a potion of heal wounds
 n - a potion of mutation
 q - a potion of curing
 r - a potion of resistance
 s - a potion of berserk rage {unknown}
 z - a potion of flight
 F - a potion of ambrosia {unknown}
 G - 2 potions of invisibility


   Skills:
 + Level 8.9(13.9) Fighting
 + Level 7.6(12.6) Axes
 - Level 2.0(7.0) Throwing
 + Level 7.9(12.9) Armour
 - Level 7.0(12.0) Shields
 - Level 2.0 Spellcasting
 - Level 4.0 Conjurations
 - Level 5.0 Invocations
 - Level 2.0 Evocations


You had 14 spell levels left.
You didn't know any spells.
Your spell library contained the following spells:

 Spells                   Type           Power      Damage    Failure   Level
 Shock                    Conj/Air       16%        1d4       50%         1
 Beastly Appendage        Tmut           0%         N/A       77%         1
 Blink                    Tloc           0%         N/A       88%         2
 Wereblood                Tmut           0%         N/A       88%         2
 Mephitic Cloud           Conj/Pois/Air  3%         N/A       92%         3
 Ignite Poison            Fire/Tmut/Pois 0%         N/A       98%         3
 Portal Projectile        Hex/Tloc       0%         N/A       98%         3
 Spider Form              Tmut/Pois      0%         N/A       98%         3
 Swiftness                Air            0%         N/A       98%         3
 Airstrike                Air            0%         N/A       100%        4
 Leda's Liquefaction      Hex/Erth       0%         N/A       100%        4
 Freezing Cloud           Conj/Ice/Air   1%         6-21      100%        5
 Manifold Assault         Tloc           0%         N/A       100%        5
 Storm Form               Tmut/Air       0%         N/A       100%        7
 Call Canine Familiar     Summ           Unusable   N/A       N/A         3

Dungeon Overview and Level Annotations

Branches:
Dungeon (9/15)             Temple (1/1) D:5            Lair (2/6) D:8
  Swamp: Lair:2-4    Shoals: Lair:2-4     Snake: Lair:2-4    Spider: Lair:2-4
    Orc: D:9-12

Altars:
Ashenzari
Cheibriados
Dithmenos
Fedhas
Gozag
Hepliaklqana
Kikubaaqudgha
Makhleb
Nemelex Xobeh
Okawaru
Qazlal
Ru
Trog
Uskayaw
Vehumet
Wu Jian
Xom
Yredelemnul
Zin
The Shining One

Shops:
D:2 *[   D:6 [

Annotations:
Lair:1 Sonja


Innate Abilities, Weirdness & Mutations

You have hoof-like feet.
You are completely covered in icy blue scales. (AC +4, rC+)
You may rarely emit foul miasma when damaged in melee.
A meltable shield of frost defends you. (SH +4)


Message History

The cane toad is severely wounded.
You block the cane toad's attack.
Sonja throws a curare-tipped dart.
You block the curare-tipped dart.
You hit the cane toad.
The cane toad seems to slow down.
You freeze the cane toad. You kick the cane toad.
You kill the cane toad!
Okawaru accepts your kill.
Sonja gestures wildly while chanting.
Sonja blinks!
You see here a cane toad corpse.
Sonja throws a curare-tipped dart.
You block the curare-tipped dart.
Sonja throws a curare-tipped dart.
You block the curare-tipped dart.
You see here a water moccasin corpse.
Okay, then.
You block Sonja's attack. Sonja closely misses you.
Sonja hits you but does no damage. Space warps around you.
You block Sonja's attack. Sonja hits you but does no damage.
Space warps around you.
Sonja hits you with a +0 short sword of distortion!
You blink.
You are too injured to fight recklessly!
You are too injured to fight recklessly!
You feel like a meek peon again.
Okay, then.
You gain the combat prowess of a mighty hero.
You block Sonja's attack. Sonja misses you. Sonja closely misses you.
You miss Sonja. Your kick misses Sonja. You block Sonja's attack.
Sonja hits you with a +0 short sword of distortion.
Space warps horribly around you!
You emit a cloud of foul miasma!
You block Sonja's attack.
You miss Sonja.
Sonja is engulfed in dark miasma.
Sonja is poisoned.
Sonja gestures wildly while chanting.
Sonja blinks!
Sonja throws a curare-tipped dart.
You block the curare-tipped dart.
You hit Sonja. You freeze Sonja. Your kick misses Sonja.
Sonja is moderately wounded.
Sonja hits you with a +0 short sword of distortion.
* * * LOW HITPOINT WARNING * * *
Space warps horribly around you!!
You die...

###### ############
#.#P.####.........P# ###
#........@K...##.##
##..###.######☼###...#.#
#....##†#####...#......#
#...#.##.###.........## ###
##........#P.....<....######P#
#..#..#†####.##..#...............
.......[......#..####.#.##.......
#..K...##.#...#.........##.######
##......###..###.##.###.##..# #


You could see Sonja (poisoned).

Vanquished Creatures
  Harold (D:8)
  Erica (D:8)
  A death yak (D:8)
  Nergalle (Lair:1)
  Maurice (D:8)
  A black mamba (D:8)
  A cane toad (Lair:1)
  Psyche (D:8)
  Prince Ribbit (D:7)
  6 yaks
  A wraith (D:5)
  4 water moccasins
  4 necrophages
  3 sky beasts
  2 ogres
  3 centaurs
  3 kobold brigands (D:8)
  6 bullfrogs
  A wyvern zombie (D:6)
  A gnoll sergeant (D:7)
  A water moccasin zombie (D:6)
  A wyvern skeleton (D:5)
  12 wights
  A howler monkey (D:8)
  A centaur zombie (D:8)
  3 jellies
  2 bullfrog zombies
  2 hounds
  4 orc priests
  A bullfrog skeleton (D:6)
  3 orc wizards (D:4)
  2 iguanas
  2 hound skeletons
  9 adders
  4 gnolls (D:7)
  A white imp (D:8)
  3 ufetubi
  2 adder skeletons (D:4)
  2 worms (D:2)
  2 dart slugs
  19 orcs
  4 ball pythons
  7 endoplasms
  5 giant cockroaches
  8 goblins
  9 hobgoblins
  14 jackals
  7 quokkas
  3 bats
  A frilled lizard (D:1)
  32 kobolds
  6 rats
216 creatures vanquished.

Vanquished Creatures (others)
  15 fungi
  4 plants
19 creatures vanquished.

Grand Total: 235 creatures vanquished

Notes
Turn   | Place    | Note
-------+----------+-------------------------------------------
     0 | D:1      | 386 the Demonspawn Fighter began the quest for the Orb.
     0 | D:1      | Reached XP level 1. HP: 18/18 MP: 1/1
   154 | D:1      | Gained mutation: You are partially covered in icy blue
                  | scales. (AC +2) [demonic ancestry]
   154 | D:1      | Reached XP level 2. HP: 24/24 MP: 2/2
   592 | D:1      | Reached XP level 3. HP: 29/29 MP: 3/3
  1003 | D:2      | Found Kyga's General Store.
  1043 | D:2      | Found Huorot's Antique Armour Emporium.
  1088 | D:2      | Gained mutation: You are mostly covered in icy blue scales.
                  | (AC +3) [demonic ancestry]
  1088 | D:2      | Reached XP level 4. HP: 10/36 MP: 4/4
  1393 | D:2      | Noticed a necrophage
  1412 | D:2      | Killed a necrophage
  1413 | D:2      | Reached skill level 4 in Fighting
  1413 | D:2      | Gained mutation: You have large cloven feet. [demonic
                  | ancestry]
  1413 | D:2      | Reached XP level 5. HP: 30/42 MP: 5/5
  1531 | D:2      | Identified the +9 trident of Chance {antimagic, Str+3}
  3154 | D:4      | Gained mutation: You may rarely emit foul miasma when
                  | damaged in melee. [demonic ancestry]
  3154 | D:4      | Reached XP level 6. HP: 21/48 MP: 6/6
  3820 | D:4      | Reached skill level 1 in Evocations
  4104 | D:4      | Found a shimmering altar of Xom.
  4488 | D:4      | Reached XP level 7. HP: 55/55 MP: 7/7
  4653 | D:5      | Entered Level 5 of the Dungeon
  4893 | D:5      | Reached skill level 5 in Fighting
  4973 | D:5      | Found a staircase to the Ecumenical Temple.
  4987 | Temple   | Entered the Ecumenical Temple
  5029 | Temple   | Became a worshipper of Warmaster Okawaru
  5176 | D:5      | Noticed a wraith
  5197 | D:5      | Killed a wraith
  5200 | D:5      | Gained mutation: You are completely covered in icy blue
                  | scales. (AC +4, rC+) [demonic ancestry]
  5200 | D:5      | Reached XP level 8. HP: 43/63 MP: 8/8
  5739 | D:5      | Reached * piety under Okawaru
  5740 | D:5      | Reached skill level 5 in Shields
  5872 | D:5      | Reached skill level 5 in Armour
  6473 | D:6      | Reached skill level 1 in Invocations
  6505 | D:6      | Reached skill level 6 in Fighting
  6505 | D:6      | Reached skill level 5 in Axes
  6718 | D:6      | Found Namium's Antique Armour Boutique.
  6796 | D:6      | Reached skill level 1 in Spellcasting
  7782 | D:7      | Reached ** piety under Okawaru
  7844 | D:7      | Gained mutation: A meltable shield of frost defends you.
                  | (SH +4) [demonic ancestry]
  7844 | D:7      | Reached XP level 9. HP: 46/71 MP: 10/10
  8028 | D:7      | Reached skill level 1 in Conjurations
  8049 | D:7      | Reached skill level 1 in Throwing
  8322 | D:7      | Noticed Prince Ribbit
  8357 | D:7      | Killed Prince Ribbit
  8633 | D:7      | Reached *** piety under Okawaru
  8990 | D:8      | Reached skill level 7 in Fighting
  9349 | D:8      | Noticed Harold
 10237 | D:8      | Noticed Psyche
 10252 | D:8      | Killed Psyche
 10278 | D:8      | Noticed Erica
 10308 | D:8      | Killed Erica
 10308 | D:8      | Reached **** piety under Okawaru
 10309 | D:8      | Reached XP level 10. HP: 22/79 MP: 11/13
 10932 | D:8      | Noticed Maurice
 11009 | D:8      | Killed Maurice
 11229 | D:8      | Found a staircase to the Lair.
 11524 | D:8      | Killed Harold
 11525 | D:8      | Reached skill level 8 in Fighting
 11760 | Lair:1   | Entered Level 1 of the Lair of Beasts
 11809 | Lair:1   | Noticed Nergalle
 11836 | Lair:1   | Killed Nergalle
 12169 | Lair:1   | Noticed a black mamba
 12185 | Lair:2   | Noticed a death yak
 12185 | Lair:2   | Noticed a death yak
 12185 | Lair:2   | Noticed a death yak
 12185 | Lair:2   | Noticed a death yak
 12233 | D:8      | Killed a black mamba
 12523 | D:8      | Received a gift from Okawaru
 12700 | D:8      | HP: 1/82 [death yak (16)]
 12702 | D:8      | Killed a death yak
 12702 | D:8      | Reached ***** piety under Okawaru
 12703 | D:8      | Reached skill level 5 in Invocations
 12992 | Lair:1   | Received a gift from Okawaru
 12993 | Lair:1   | Gained mutation: You have hoof-like feet. [demonic
                  | ancestry]
 12993 | Lair:1   | Reached XP level 11. HP: 36/87 MP: 12/14
 13291 | Lair:1   | Noticed Sonja
 13334 | Lair:1   | Slain by Sonja

Illustrated notes

Levels and vault maps discovered:
D:1:      scummos_arrival_star, layout_basic
D:2:      layout_basic, serial_shops, nicolae_shop_trees, shop,
          minmay_quadrilaterals
D:3:      layout_basic
D:4:      layout_cave_pods, kennysheep_mini, minmay_misc_feat_doors,
          minmay_pentangle
D:5:      layout_basic, temple_hall, nrook_mini_vaults
D:6:      layout_loops_corners, serial_shops, shop, grunt_decor_one_mirror,
          grunt_ministairs_8
D:7:      layout_cave_pods, uniq_prince_ribbit1
D:8:      layout_basic, dpeg_oklobed_lair, uniq_maurice, uniq_erica,
          uniq_psyche, uniq_harold
D:9:      minmay_opposing_rooms, layout_long_grid, serial_shops, shop,
          enter_bailey_2, laboratory, uniq_pikel, uniq_joseph
Temple:   grunt_wide_crystal_templ
Lair:1:   layout_loops_ring, uniq_sonja, uniq_nergalle
Lair:2:   layout_hall_layers

Skill      XL: |  1  2  3  4  5  6  7  8  9 10 11 |
---------------+----------------------------------+-----
Axes           | 2 3 4 5 6 7 |  7.6
Shields        | 3 4 5 6 7 |  7.0
Armour         | 3 4 5 6 7 |  7.9
Fighting       | 4 5 6 7 8 |  8.9
Evocations     | 1 2 |  2.0
Invocations    | 2 3 5 |  5.0
Spellcasting   | 1 2 |  2.0
Conjurations   | 2 3 4 |  4.0
Throwing       | 2 |  2.0

Action                   |  1- 3 |  4- 6 |  7- 9 | 10-12 || total
-------------------------+-------+-------+-------+-------++-------
Melee: War axe           |    93 |     6 |       |       ||    99
       Hand axe          |       |   247 |   450 |   184 ||   881
       Kick              |       |    47 |   129 |    68 ||   244
Throw: Dart              |       |       |     2 |     6 ||     8
Invok: Heroism           |       |       |     8 |    10 ||    18
       Finesse           |       |       |       |     2 ||     2
Evoke: Wand              |       |       |     3 |     2 ||     5
  Use: Scroll            |       |       |     2 |     7 ||     9
       Potion            |       |       |     2 |     4 ||     6
Armor: Scale mail        |    55 |   100 |   155 |    33 ||   343
Dodge: Dodged            |    37 |    88 |    99 |    39 ||   263
Block: Buckler           |    23 |    60 |     5 |       ||    88
       Kite shield       |       |       |   223 |   111 ||   334
